 Dungeon Crawl Stone Soup version 0.14.0-24-gfb45beb (webtiles) character file.

1541 MDvedh the Cleaver (level 8, -2/66 HPs)
             Began as a Deep Dwarf Gladiator on Apr 23, 2014.
             Was a Priest of Yredelemnul.
             Killed from afar by an orc wizard (8 damage)
             ... with a magic dart
             ... on Level 7 of the Dungeon.
             The game lasted 00:08:54 (4060 turns).

MDvedh the Cleaver (Deep Dwarf Gladiator)           Turns: 4060, Time: 00:08:54

HP  -2/66        AC  7     Str 20      XL: 8   Next: 26%
MP   7/7         EV 14     Int 10      God: Yredelemnul [***...]
Gold 286         SH  8     Dex 11 (13) Spells:  0 memorised,  7 levels left

rFire  . . .     SeeInvis .     a - +1 war axe
rCold  + . .     Clarity  .     j - +0 ring mail
rNeg   . . .     Conserve .     k - +2 buckler {rC+}
rPois  .         rCorr    .     c - +0 helmet (curse)
rElec  .         rRot     .     F - +0 cloak
SustAb . .       Spirit   .     (no gloves)
rMut   .         Warding  .     (no boots)
Saprov . . .     Stasis   .     (no amulet)
MR     +....                    (no ring)
                                v - +5 ring of evasion

@: non-regenerating, somewhat resistant to hostile enchantments, extremely
unstealthy
A: damage resistance, recharge devices, sense surroundings 1, slow healing 3
a: Device Recharging, Animate Dead, Recall Undead Slaves, Injury Mirror,
Renounce Religion


You were on level 7 of the Dungeon.
You worshipped Yredelemnul.
Yredelemnul was most pleased with you.
You were not hungry.

You visited 1 branch of the dungeon, and saw 7 of its levels.
You also visited: Sewer.

You collected 286 gold pieces.

Inventory:

Hand weapons
 a - a +1,+1 war axe (weapon)
 B - a +0,+1 war axe
Missiles
 d - 4 throwing nets (quivered)
Armour
 c - a cursed +0 helmet (worn)
 j - a +0 ring mail (worn)
 k - a +2 buckler of cold resistance (worn)
 F - a +0 cloak (worn)
Magical devices
 e - a wand of heal wounds (2)
Comestibles
 f - 7 bread rations
 l - a meat ration
 p - a honeycomb
 C - a pear
 D - an apple
Scrolls
 b - a scroll of magic mapping
 h - 3 scrolls of remove curse
 q - 2 scrolls of fear
 y - a scroll of fog
 E - a scroll of identify {unknown}
Jewellery
 n - an uncursed ring of ice
 o - an uncursed ring of ice
 t - a cursed -3 ring of strength {unknown}
 v - a +5 ring of evasion (left hand)
 w - a +3 ring of dexterity {unknown}
Potions
 g - 2 potions of magic
 i - 3 potions of agility
 m - 2 potions of curing
 r - a potion of porridge
 s - 2 potions of might
 u - 2 potions of haste
 x - a potion of restore abilities
 z - a potion of paralysis {unknown}
 A - a potion of flight {unknown}
Books
 G - a book of Envenomations

   Spells                             Type                      Level
   Spider Form                        Transmutation/Poison         3
   Poison Weapon                      Charms/Poison                3
   Alistair's Intoxication            Transmutation/Poison         4
   Olgreb's Toxic Radiance            Poison                       4
   Poisonous Cloud                    Conjuration/Poison/Air       6


   Skills:
 - Level 1.7 Fighting
 + Level 11.2 Axes
 - Level 1.7 Throwing
 - Level 3.2 Dodging


You had 7 spell levels left.
You didn't know any spells.

Dungeon Overview and Level Annotations

Branches:
Dungeon (7/15)             Temple (0/1) D:6

Altars:
Elyvilon
Kikubaaqudgha
Trog
Xom
Yredelemnul
The Shining One

Shops:
D:5 =


Innate Abilities, Weirdness & Mutations

You are resistant to damage.
You can recharge devices by infusing magical energy.
You passively map a small area around you.
You do not heal naturally.


Message History

The bat hits you but does no damage.
The orc priest invokes the aid of Beogh against you.
Something smites you!
The ogre hits you with a giant spiked club!
* * * LOW HITPOINT WARNING * * *
The orc priest looks braver.
The bat barely misses you. The bat closely misses you.
The orc wizard gestures wildly while chanting.
You feel troubled.
The orc wizard glows brightly for a moment.
Unknown command.
You block the bat's attack. The bat barely misses you. The bat hits you.
The bat hits you but does no damage. The bat barely misses you.
The orc wizard gestures at you while chanting.
The magic dart hits you!
You die...
Your body rises from the dead as a mindless zombie.

* #.o....... ,
#.......... ,
#..)....... , , * ** *
, #g.........
*#.......... , ,
######### #.Or.......
#......(# *#O[........
, #.(.....# ,
#bo........ ,
#.......#* +@$........
,
#.......#####..........
#.......'....#.#######
#.......####.#.#
#.......'..#.#.#
#.......#.<#.#.#
#####+#.####.#.# #..
..#.# ###**###.#


You could see 2 ogres, an orc priest, an orc wizard, a hobgoblin, a bat and a
rat.

Vanquished Creatures
  The ghost of oldblader the Shield-Bearer, an average GrFi of Okawaru (D:4)
  Menkaure (D:6)
  An orc warrior (D:6)
  An ice beast (D:6)
  A black bear (D:6)
  An ogre (D:5)
  A centaur (D:5)
  A giant frog (D:6)
  A crimson imp (D:6)
  An orc wizard (D:5)
  Crazy Yiuf (D:6)
  A hound (D:4)
  4 worker ants
  12 adders
  5 gnolls
  An iguana skeleton (D:7)
  A giant eyeball (D:6)
  2 giant geckos
  An ooze (D:4)
  8 orcs
  3 hobgoblins (D:1)
  11 jackals
  12 kobolds
  3 quokkas
  4 ball pythons
  9 bats
  4 giant cockroaches
  A giant cockroach zombie (D:6)
  3 giant newts
  10 goblins
  A goblin skeleton (D:5)
  A kobold skeleton (D:6)
  An orc zombie (D:6)
  A quokka zombie (D:5)
  41 rats
  2 fungi (D:6)
153 creatures vanquished.

Vanquished Creatures (collateral kills)
  A bat (D:6)
1 creature vanquished.

Vanquished Creatures (others)
  An adder zombie (D:6)
1 creature vanquished.

Grand Total: 155 creatures vanquished

Notes
Turn   | Place    | Note
--------------------------------------------------------------
     0 | D:1      | MDvedh, the Deep Dwarf Gladiator, began the quest for the Orb.
     0 | D:1      | Reached XP level 1. HP: 19/19 MP: 1/1
   213 | D:1      | Reached skill level 4 in Axes
   213 | D:1      | Reached XP level 2. HP: 10/26 MP: 2/2
   444 | D:1      | HP: 1/26 [gnoll/spear (7)]
   482 | D:1      | Reached XP level 3. HP: 32/32 MP: 3/3
   794 | D:2      | Found a glowing golden altar of the Shining One.
   795 | D:2      | Noticed an angel
   799 | D:2      | Found a basalt altar of Yredelemnul.
   800 | D:2      | Noticed a profane servitor
   865 | D:2      | Reached skill level 5 in Axes
  1155 | D:2      | Became a worshipper of Yredelemnul the Dark
  1261 | D:3      | Reached XP level 4. HP: 30/39 MP: 4/4
  1803 | D:4      | Found a glowing drain.
  1899 | Sewer    | Entered a sewer
  1907 | Sewer    | Acquired Yredelemnul's first power
  1937 | Sewer    | Reached skill level 6 in Axes
  2035 | D:4      | Noticed oldblader's ghost (average GrFi)
  2038 | D:4      | Reached XP level 5. HP: 18/45 MP: 5/5
  2059 | D:4      | Killed oldblader's ghost
  2059 | D:4      | Reached skill level 7 in Axes
  2059 | D:4      | Reached XP level 6. HP: 21/52 MP: 6/6
  2122 | D:4      | Acquired Yredelemnul's second power
  2151 | D:4      | Reached skill level 8 in Axes
  2458 | D:5      | Entered Level 5 of the Dungeon
  2532 | D:5      | Found Shumpeff's Jewellery Boutique.
  2677 | D:5      | Reached skill level 9 in Axes
  2677 | D:5      | Reached XP level 7. HP: 25/58 MP: 7/7
  3240 | D:6      | Found a bloodstained altar of Trog.
  3247 | D:6      | Reached skill level 10 in Axes
  3253 | D:6      | Found a shimmering altar of Xom.
  3314 | D:6      | Found a staircase to the Ecumenical Temple.
  3356 | D:6      | Acquired Yredelemnul's third power
  3356 | D:6      | Reached XP level 8. HP: 26/66 MP: 8/8
  3423 | D:6      | Noticed Menkaure
  3437 | D:6      | Paralysed by a giant eyeball for 2 turns
  3439 | D:6      | Killed Menkaure
  3523 | D:6      | Reached skill level 11 in Axes
  3798 | D:6      | Found a white marble altar of Elyvilon.
  3798 | D:6      | Found an ancient bone altar of Kikubaaqudgha.
  3939 | D:6      | Noticed Crazy Yiuf
  3949 | D:6      | Killed Crazy Yiuf
  4060 | D:7      | Killed from afar by an orc wizard

Action                   |  1- 3 |  4- 6 |  7- 9 || total
-------------------------+-------+-------+-------++-------
Melee: War axe           |   109 |   192 |   140 ||   441
Invok: Animate Dead      |       |       |     2 ||     2
       Injury Mirror     |       |       |     1 ||     1
 Abil: Device Recharging |       |       |     1 ||     1
Evoke: Wand              |     1 |     4 |     5 ||    10
  Use: Scroll            |     1 |     8 |     1 ||    10
       Potion            |       |     9 |       ||     9
 Stab: Sleeping          |       |     1 |       ||     1
